 Dungeon Crawl Stone Soup version 0.18-a0-1788-g92de1ac (webtiles) character file.

18697 Murumi the Carver (level 12, -10/92 HPs)
             Began as a Formicid Fighter on Apr 20, 2016.
             Was an Elder of Elyvilon.
             Mangled by an orc knight
             ... wielding a +0 war axe of electrocution
              (18 damage)
             ... on level 2 of the Orcish Mines.
             The game lasted 01:08:27 (17016 turns).

Murumi the Carver (Formicid Fighter)               Turns: 17016, Time: 01:08:29

Health: -10/92     AC: 19    Str: 24    XL:     12   Next: 98%
Magic:  12/18      EV:  7    Int: 10    God:    Elyvilon [****..]
Gold:   1441       SH: 13    Dex: 14    Spells: 0 memorised, 11 levels left

rFire  + . .     SeeInvis +     e - +4 great sword
rCold  . . .     Gourm    .     t - +0 plate armour
rNeg   . . .     Faith    .     c - +1 shield
rPois  .         Spirit   .     (helmet unavailable)
rElec  .         Dismiss  .     m - +2 cloak
rCorr  .         Reflect  .     a - +0 pair of gloves
SustAt .         Harm     .     b - +0 pair of boots
MR     +....                    (no amulet)
Stlth  ..........               x - +4 ring of dexterity
                                g - ring of protection from fire

@: starving, somewhat resistant to hostile enchantments, extremely unstealthy
A: permanent stasis, dig shafts and tunnels, four strong arms, antennae 3
a: Dig, Shaft Self, Lesser Healing, Heal Other, Purification, Greater Healing,
Divine Protection, Renounce Religion


You were on level 2 of the Orcish Mines.
You worshipped Elyvilon.
Elyvilon was greatly pleased with you.
You were starving.

You visited 3 branches of the dungeon, and saw 13 of its levels.

You collected 1441 gold pieces.

Inventory:

Hand Weapons
 e - a +4 great sword (weapon)
 f - a +0 hand crossbow
Missiles
 i - 40 bolts (quivered)
Armour
 a - a +0 pair of gloves (worn)
 b - a +0 pair of boots (worn)
 c - a +1 shield (worn)
 m - a +2 cloak (worn)
 t - a +0 plate armour (worn)
Jewellery
 g - a ring of protection from fire (left hand)
 n - an uncursed ring of resist corrosion
 x - a +4 ring of dexterity (right hand)
Wands
 h - a wand of acid (7/15)
 s - a wand of iceblast (5/15)
 u - a wand of iceblast (4/15)
 y - a wand of flame (30/48)
Scrolls
 q - a scroll of fear
 z - 5 scrolls of remove curse
 D - a scroll of enchant armour
 E - a scroll of recharging
Potions
 d - 8 potions of curing
 l - a potion of flight
 o - a potion of heal wounds
 v - a potion of brilliance
 w - a potion of magic
 A - a potion of cure mutation
 C - 4 potions of degeneration {unknown}
 F - a potion of beneficial mutation {unknown}
Comestibles
 j - 5 meat rations
 k - 8 chunks of flesh
 p - a beef jerky
 r - 5 bread rations
 B - 22 fruits


   Skills:
 - Level 8.1 Fighting
 + Level 11.4 Long Blades
 - Level 10.1 Crossbows
 - Level 8.0 Armour
 - Level 9.0 Shields
 - Level 9.0 Invocations


You had 11 spell levels left.
You didn't know any spells.

Dungeon Overview and Level Annotations

Branches:
Dungeon (10/15)            Temple (1/1) D:4            Lair (0/8) D:9
    Orc (2/2) D:10            Elf (0/3) Orc:2

Altars:
Ashenzari
Cheibriados
Dithmenos
Elyvilon
Fedhas
Gozag
Kikubaaqudgha
Makhleb
Nemelex Xobeh
Okawaru
Pakellas
Qazlal
Ru
Sif Muna
Trog
Vehumet
Xom
Yredelemnul
Zin
The Shining One
Beogh

Shops:
Orc:1 %


Innate Abilities, Weirdness & Mutations

You are under a permanent stasis effect.
You can dig through walls and to a lower floor.
Your four strong arms can wield two-handed weapons with a shield.
You have a pair of large antennae on your head (SInv).


Message History

* * * LOW HITPOINT WARNING * * *
You are healed.
You feel somewhat more hungry. You block the orc knight's attack.
Your plate armour prevents you from hitting the orc knight.
The orc knight roars a battlecry!
You block the orc knight's attack.
You hear a shout!
You completely miss the orc knight. You block the orc knight's attack.
You closely miss the orc knight.
You hit the orc knight but do no damage.
The orc knight hits you with a war axe of electrocution!
* * * LOW HITPOINT WARNING * * *
You are electrocuted!
* * * LOW HITPOINT WARNING * * *
You are healed.
You are starving!
The orc knight hits you with a war axe of electrocution!
* * * LOW HITPOINT WARNING * * *
You are electrocuted!
You die...

#### #...)####..#####
...### #...#.####.#.##
.....####.o#...##.....#
...)...##..##...##.#.##
........#...#....)####
#.#.#.#.#....{{.##)#
............{{)##.##
..).)......).{#####
..........43.))#@#
#.#.#.#.#.....#o##
........#.....###
.......###...##
.....####...## ...###
#..## #### #..# ####


You could see an orc knight.

Vanquished Creatures
  Erolcha (D:10)
  An ogre mage (Orc:1)
  3 orc high priests
  5 orc knights
  2 hill giants (D:10)
  An orc sorcerer (Orc:2)
  A troll (Orc:2)
  A two-headed ogre (Orc:1)
  Grinder (D:5)
  Sigmund (D:3)
  A wyvern (D:5)
  A hippogriff (D:7)
  2 hungry ghosts
  Menkaure (D:5)
  2 wargs (Orc:1)
  Duvessa (D:7)
  31 orc warriors
  A sky beast (D:7)
  4 ice beasts
  2 phantoms
  A wasp (D:9)
  A black bear (D:7)
  A necrophage (D:6)
  16 ogres
  4 centaurs
  A big kobold (D:8)
  6 giant frogs
  2 gnoll sergeants
  Dowan (D:7)
  2 wyvern zombies
  2 scorpions (D:5)
  A troll zombie (D:10)
  7 wights
  A howler monkey (D:10)
  A centaur zombie (D:7)
  2 crimson imps
  A quasit (D:6)
  9 hounds
  A jelly (D:9)
  A gnoll shaman (D:3)
  37 orc priests
  28 orc wizards
  Crazy Yiuf (D:6)
  A giant frog skeleton (D:5)
  Jessica (D:2)
  An iguana (D:8)
  9 worker ants
  2 killer bee zombies
  7 ogre zombies (D:10)
  A hound zombie (D:8)
  A worker ant zombie (D:7)
  Robin (D:2)
  48 gnolls
  10 adders
  A shadow imp (D:7)
  An ooze (D:1)
  2 adder skeletons
  A worm (D:5)
  2 dart slugs
  6 giant geckos
  95 orcs
  A ball python (D:3)
  8 bats
  7 giant cockroaches
  7 goblins
  11 hobgoblins
  22 jackals
  2 quokkas
  8 giant newts
  2 goblin skeletons (D:10)
  2 goblin zombies (D:10)
  A hobgoblin skeleton (D:10)
  6 hobgoblin zombies (D:10)
  5 kobolds
  2 orc skeletons (D:10)
  12 orc zombies (D:10)
  A quokka zombie (D:5)
  6 rats
  A fungus (D:6)
484 creatures vanquished.

Vanquished Creatures (others)
  A phantom (D:6)
  A goblin (D:2)
  5 plants (D:3)
7 creatures vanquished.

Grand Total: 491 creatures vanquished

Notes
Turn   | Place    | Note
--------------------------------------------------------------
     0 | D:1      | Murumi the Formicid Fighter began the quest for the Orb.
     0 | D:1      | Reached XP level 1. HP: 18/18 MP: 1/1
    73 | D:1      | Reached XP level 2. HP: 23/24 MP: 2/2
   310 | D:1      | Reached XP level 3. HP: 25/29 MP: 3/3
   313 | D:1      | Reached skill level 3 in Long Blades
   660 | D:1      | You fall through a shaft!
   662 | D:2      | Found a bloodstained altar of Trog.
   744 | D:2      | Reached XP level 4. HP: 35/35 MP: 4/4
   752 | D:2      | Found a shadowy altar of Dithmenos.
  1052 | D:2      | Noticed Jessica
  1068 | D:2      | Reached skill level 5 in Shields
  1090 | D:2      | Killed Jessica
  1224 | D:2      | Reached XP level 5. HP: 32/41 MP: 5/5
  1413 | D:2      | Found a radiant altar of Vehumet.
  1473 | D:2      | Reached skill level 4 in Long Blades
  1523 | D:2      | Found a snail-covered altar of Cheibriados.
  1564 | D:2      | Noticed Robin
  1581 | D:2      | Killed Robin
  2053 | D:3      | Reached XP level 6. HP: 39/47 MP: 6/6
  2397 | D:3      | Reached XP level 7. HP: 37/52 MP: 7/7
  2460 | D:3      | Reached skill level 5 in Long Blades
  3266 | D:3      | Noticed Sigmund
  3298 | D:3      | Reached XP level 8. HP: 58/58 MP: 8/8
  3337 | D:3      | Killed Sigmund
  3337 | D:3      | Reached skill level 6 in Long Blades
  3480 | D:3      | Found a deep blue altar of Sif Muna.
  4324 | D:4      | Found a staircase to the Ecumenical Temple.
  4337 | Temple   | Entered the Ecumenical Temple
  4341 | Temple   | Became a worshipper of Elyvilon the Healer
  4913 | D:4      | Reached skill level 7 in Long Blades
  4963 | D:5      | Entered Level 5 of the Dungeon
  5043 | D:5      | Noticed a wyvern
  5059 | D:5      | Killed a wyvern
  5059 | D:5      | Reached XP level 9. HP: 46/65 MP: 8/11
  5072 | D:5      | Reached skill level 1 in Crossbows
  5354 | D:5      | Reached * piety under Elyvilon
  5528 | D:5      | Noticed Grinder
  5544 | D:5      | Noticed Menkaure
  5548 | D:5      | Killed Grinder
  5548 | D:5      | Reached skill level 5 in Invocations
  5552 | D:5      | Killed Menkaure
  5943 | D:5      | Reached skill level 8 in Long Blades
  6428 | D:6      | Reached ** piety under Elyvilon
  6468 | D:6      | Noticed Crazy Yiuf
  6486 | D:6      | Killed Crazy Yiuf
  7008 | D:6      | Reached skill level 5 in Crossbows
  7008 | D:6      | Reached XP level 10. HP: 71/71 MP: 14/14
  8084 | D:7      | Noticed Duvessa
  8085 | D:7      | Noticed Dowan
  8106 | D:7      | Killed Duvessa
  8145 | D:7      | Killed Dowan
  8315 | D:7      | Found a blossoming altar of Fedhas.
  8474 | D:7      | Reached skill level 5 in Fighting
  8511 | D:7      | Reached *** piety under Elyvilon
  8737 | D:7      | Reached skill level 5 in Armour
  9312 | D:8      | Found a basalt altar of Yredelemnul.
  9474 | D:8      | Found an oddly glowing altar of Pakellas.
 10128 | D:9      | Reached skill level 9 in Long Blades
 10142 | D:9      | Reached XP level 11. HP: 73/79 MP: 15/15
 10813 | D:9      | Found a staircase to the Lair.
 11032 | D:10     | Entered Level 10 of the Dungeon
 11032 | D:10     | Noticed a hill giant
 11099 | D:10     | Reached **** piety under Elyvilon
 11134 | D:10     | Noticed Erolcha
 11152 | D:10     | Killed Erolcha
 11348 | D:10     | Found a staircase to the Orcish Mines.
 11505 | D:10     | Noticed a hill giant
 11524 | D:10     | Killed a hill giant
 11573 | D:10     | Killed a hill giant
 12201 | Orc:1    | Entered Level 1 of the Orcish Mines
 12233 | Orc:1    | Found a roughly hewn altar of Beogh.
 12242 | Orc:1    | Noticed an ogre mage
 12276 | Orc:1    | Killed an ogre mage
 12542 | Orc:1    | Noticed an orc knight
 12561 | Orc:1    | Reached skill level 10 in Long Blades
 12815 | Orc:1    | Noticed an orc high priest
 13286 | Orc:1    | Killed an orc high priest
 13286 | Orc:1    | Reached XP level 12. HP: 59/89 MP: 18/18
 13453 | Orc:1    | Reached skill level 10 in Crossbows
 13718 | Orc:1    | Found Rohoz's Food Shoppe.
 13962 | Orc:2    | Entered Level 2 of the Orcish Mines
 13962 | Orc:2    | Found a staircase to the Elven Halls.
 16091 | Orc:2    | Noticed an orc high priest
 16125 | Orc:2    | Killed an orc high priest
 16125 | Orc:2    | Reached skill level 11 in Long Blades
 16881 | Orc:2    | Noticed an orc high priest
 16894 | Orc:2    | Killed an orc high priest
 16965 | Orc:2    | Noticed an orc high priest
 16987 | Orc:2    | Noticed a sun demon
 17016 | Orc:2    | Mangled by an orc knight

Vault maps used:
D:1:      minmay_arrival_shattered_statue, hangedman_decor_push
D:2:      lemuel_crystal_altar, nicolae_overflow_hidden_temple,
          nicolae_overflow_crystal_walls, overflow_temple_1_default,
          corexii_shack, lemuel_old_faithful, uniq_robin, uniq_jessica
D:3:      lemuel_castle_with_subvaults, led_sif_pool, serial_bayou,
          serial_bayou_pond_e, serial_bayou_crossing, serial_bayou_lagoon_a,
          serial_bayou_pond_a, uniq_sigmund
D:4:      minmay_temple_entry_hall, first_bread
D:5:      minivault_14, uniq_menkaure, uniq_grinder
D:6:      lemuel_flamethrower_2, uniq_crazy_yiuf_cottage
D:7:      fedhas_altar_4, uniq_duvessa
D:8:      old_standard_altar, grunt_pakellas_sulfur, blue_anna_alchemist,
          minmay_crystal_room
D:9:      lair_0_dummy
D:10:     zombieorc2_lemuel, nicolae_zen_rock_garden, uniq_erolcha
Temple:   zaba_magenta_temple_12
Orc:1:    basic_altar, serial_shops, shop
Orc:2:    st_orc_pillars, nicolae_orc_lava_room

Skill      XL: |  1  2  3  4  5  6  7  8  9 10 11 12 |
---------------+-------------------------------------+-----
Shields        | 4 5 6 7 9 |  9.0
Long Blades    | 3 4 5 7 8 9 10 11 | 11.4
Fighting       | 4 5 6 8 |  8.1
Armour         | 4 5 6 8 |  8.0
Invocations    | 3 5 6 8 9 |  9.0
Crossbows      | 5 8 9 10 | 10.1

Action                   |  1- 3 |  4- 6 |  7- 9 | 10-12 || total
-------------------------+-------+-------+-------+-------++-------
Melee: Long sword        |    85 |   210 |   517 |   612 ||  1424
       Scimitar          |       |       |       |   814 ||   814
       Great sword       |       |       |       |   147 ||   147
 Fire: Hand crossbow     |       |       |       |    10 ||    10
Invok: Lesser Healing    |       |       |     3 |    30 ||    33
       Greater Healing   |       |       |       |     2 ||     2
 Abil: Dig               |       |     3 |     5 |    16 ||    24
  Use: Scroll            |     5 |     4 |     7 |    10 ||    26
       Potion            |       |     1 |     2 |     1 ||     4
  Eat: Chunk             |       |     6 |    16 |    38 ||    60
       Fruit             |       |       |       |     4 ||     4
       Pizza             |       |       |       |     1 ||     1
       Beef jerky        |       |       |       |     1 ||     1
Armor: Scale mail        |    30 |    65 |    61 |       ||   156
       Plate armour      |       |       |    24 |   424 ||   448
       Chain mail        |       |       |     1 |       ||     1
Dodge: Dodged            |    19 |    68 |    96 |   215 ||   398
Block: Shield            |    44 |   113 |   268 |   669 ||  1094
